 Dungeon Crawl Stone Soup version 0.29.1-2-gbd0b4ee654 (webtiles) character file.

Game seed: 18174018797403648180

862 qeuew the Trooper (level 8, -1/63 HPs)
             Began as a Vine Stalker Fighter on Nov 8, 2022.
             Was a Believer of Trog.
             Killed by divine providence
             ... invoked by an orc priest
              (15 damage)
             ... on level 6 of the Dungeon.
             The game lasted 00:05:44 (4778 turns).

qeuew the Trooper (Vine Stalker Fighter)            Turns: 4778, Time: 00:05:47

Health: -1/63      AC:  8    Str: 18    XL:     8   Next: 2%
Magic:  0/9        EV: 10    Int: 14    God:    Trog [**....]
Gold:   304        SH:  5    Dex: 17    Spells: 7/7 levels left

rFire   . . .      SeeInvis .   a - +0 war axe
rCold   . . .      Faith    .   c - +0 buckler
rNeg    . . .      Spirit   +   b - +0 scale mail
rPois   .          Reflect  .   e - +0 helmet
rElec   .          Harm     .   h - scarf {repulsion}
rCorr   .          Rampage  .   (no gloves)
Will    +++..                   (no boots)
Stlth   ..........              (no amulet)
HPRegen 2.00/turn               g - +6 ring of intelligence
MPRegen 0.11/turn               (no ring)

@: berserking, strong-willed, regenerating, repel missiles, very quick
A: fangs 3, regeneration 1, magic shield, antimagic bite, no potion heal 2
a: Renounce Religion, Berserk, Trog's Hand


You were on level 6 of the Dungeon.
You worshipped Trog.
Trog was pleased with you.
You visited 1 branch of the dungeon, and saw 6 of its levels.

You collected 304 gold pieces.

Inventory:

Hand Weapons
 a - a +0 war axe (weapon)
Armour
 b - a +0 scale mail (worn)
 c - a +0 buckler (worn)
 e - a +0 helmet (worn)
 h - a scarf of repulsion (worn)
Jewellery
 g - a +6 ring of intelligence (left hand)
 j - a ring of willpower
 p - a ring of poison resistance
 r - an amulet of the acrobat
 t - a ring of flight
 v - a ring of protection from cold
Wands
 f - a wand of iceblast (4)
 x - a wand of charming (7)
Scrolls
 n - 2 scrolls of teleportation
 w - a scroll of enchant armour
Potions
 d - 2 potions of might
 k - 2 potions of cancellation
 l - a potion of flight
 o - a potion of curing
 s - 2 potions of resistance
 u - a potion of magic


   Skills:
 + Level 4.4 Fighting
 + Level 3.9 Axes
 + Level 4.0 Armour
 + Level 3.0 Dodging
 + Level 4.4 Shields
 - Level 0.4 Spellcasting


You had 7 spell levels left.
You didn't know any spells.
Your spell library was empty.

Dungeon Overview and Level Annotations

Branches:
Dungeon (6/15)
 Temple: D:4-7

Altars:
Hepliaklqana
Makhleb
Sif Muna
Trog
Uskayaw
Wu Jian
Zin

Annotations:
D:5 1 runed translucent door, CasualKingEmy's ghost, amateur MiFi


Innate Abilities, Weirdness & Mutations

You have razor-sharp teeth.
Your natural rate of healing is unusually fast.
When hurt, damage is shared between your health and your magic reserves.
Your bite disrupts and absorbs the magic of your enemies.
Potions cannot restore your health.


Message History

Trog accepts your kill.
You hit the orc warrior.
The orc warrior hits you with a +0 battleaxe!
* * * LOW HITPOINT WARNING * * *
The orc warrior closely misses your butterfly. x2
The orc priest miscasts a cantrip.
Your Armour skill increases to level 4!
Your Dodging skill increases to level 3!
You have reached level 8!
You feel agile.
Your teeth grow very long and razor-sharp.
Your skin crawls.
You feel strong-willed. You block the orc warrior's attack.
The orc warrior hits your butterfly with a +0 battleaxe.
Your butterfly dies!
Your butterfly disappears in a burst of colours!
The orc warrior completely misses your butterfly.
The orc warrior hits your butterfly with a +0 battleaxe!
Your butterfly dies!
Your butterfly disappears in a burst of colours!
The orc priest calls upon Beogh to heal the orc priest.
The orc priest is healed somewhat.
You are too injured to fight recklessly!
Activating: Berserk (1% risk of failure)
Press: ? - help, Q - select action, (/) - cycle Dir - look around, f - activate A red film seems to cover your vision as you go berserk!
You feel yourself moving faster!
You feel mighty!
The orc priest looks braver for a moment.
The orc warrior misses you.
The orc priest hits you with a +0 dagger.
* * * LOW HITPOINT WARNING * * *
You slash the orc priest!
You kill the orc priest!
Trog accepts your kill.
You closely miss the orc warrior.
The orc priest mumbles some strange prayers to Beogh against you.
Beogh smites you!
You die...

#................#####
#...............[#
####..o.............#
.......###†##.....).#
.....o.o....#.....))#
.....o.#obb.#.......#
.....oo#.o..#.......#
.......#oob.#.......#
.......#@...#.......#####
.......#....######.......
.......#######...#.......
########....##...#.......
#............#.......
#............#.......
#............'.......
##############.......
########


You could see an orc warrior, 2 orc priests and 2 orcs.

Vanquished Creatures
  An ogre (D:5)
  2 centaurs
  A scorpion (D:6)
  4 hounds (D:5)
  A jelly (D:4)
  2 orc priests (D:6)
  Jessica (D:3)
  3 iguanas
  Natasha (twice) (D:3)
  An orc wizard (D:6)
  Robin (D:3)
  3 gnolls (D:4)
  3 adders
  2 shadow imps (D:5)
  A white imp (D:5)
  2 dart slugs
  3 worms
  7 orcs
  6 bats
  6 endoplasms
  3 giant cockroaches
  11 hobgoblins
  A jackal (D:2)
  6 kobolds
  3 quokkas
  5 ball pythons
  4 frilled lizards
  13 goblins
  8 rats
106 creatures vanquished.

Notes
Turn   | Place    | Note
-------+----------+-------------------------------------------
     0 | D:1      | qeuew the Vine Stalker Fighter began the quest for the Orb.
     0 | D:1      | Reached XP level 1. HP: 11/11 MP: 2/2
    63 | D:1      | Found a bloodstained altar of Trog.
    71 | D:1      | Reached XP level 2. HP: 14/16 MP: 1/3
   107 | D:1      | Became a worshipper of Trog the Wrathful
   681 | D:1      | Reached XP level 3. HP: 12/19 MP: 1/4
  1769 | D:2      | Found a shimmering blue altar of Sif Muna.
  1828 | D:2      | Reached skill level 1 in Dodging
  1892 | D:2      | Reached * piety under Trog
  1893 | D:2      | Gained mutation: Your natural rate of healing is unusually
                  | fast. [Vine Stalker growth]
  1893 | D:2      | Reached XP level 4. HP: 23/24 MP: 5/5
  1900 | D:2      | Found a faded altar of an unknown god.
  2344 | D:3      | Found a hazy altar of Hepliaklqana.
  2344 | D:3      | Found a burning altar of Makhleb.
  2344 | D:3      | Found a glowing silver altar of Zin.
  2344 | D:3      | Found an ornate altar of the Wu Jian Council.
  2352 | D:3      | Noticed Natasha
  2366 | D:3      | Killed Natasha
  2402 | D:3      | Noticed a +0 dagger
  2402 | D:3      | Noticed a +0 dagger
  2405 | D:3      | Found a hide-covered altar of Uskayaw.
  2453 | D:3      | Noticed Natasha
  2460 | D:3      | Killed Natasha
  2461 | D:3      | Reached XP level 5. HP: 28/28 MP: 6/6
  2919 | D:3      | Noticed Jessica
  2925 | D:3      | Killed Jessica
  3017 | D:3      | Noticed Robin
  3028 | D:3      | Killed Robin
  3332 | D:4      | Reached ** piety under Trog
  3431 | D:4      | Reached XP level 6. HP: 12/32 MP: 4/7
  3962 | D:5      | Entered Level 5 of the Dungeon
  4047 | D:5      | Reached XP level 7. HP: 35/37 MP: 6/8
  4099 | D:5      | Found a runed translucent door.
  4102 | D:5      | Noticed CasualKingEmy's ghost (amateur MiFi)
  4776 | D:6      | Gained mutation: You have razor-sharp teeth. [Vine Stalker
                  | growth]
  4776 | D:6      | Reached XP level 8. HP: 7/42 MP: 0/9
  4778 | D:6      | Killed from afar by an orc priest

Illustrated notes

Levels and vault maps discovered:
D:1:      lightli_arrival_windingriver, layout_basic, hex_tiny,
          minmay_hexomino_r4
D:2:      layout_basic, hellmonk_ecumenical_altar_slurped_away, basic_altar,
          minmay_quantized
D:3:      layout_loops_ring, dancing_weapons_uskayaw,
          chequers_temple_overflow_statue_of_worship, uniq_robin, uniq_jessica,
          uniq_natasha
D:4:      layout_basic
D:5:      layout_loops_cross, ebering_ghost_sewer_d, minivault_14
D:6:      layout_gridville, nicolae_shop_self_help

Skill      XL: |  1  2  3  4  5  6  7 |
---------------+----------------------+-----
Axes           | 2 3 |  3.9
Fighting       | 3 4 |  4.4
Shields        | 3 4 |  4.4
Dodging        | 1 2 3 |  3.0
Armour         | 3 4 |  4.0
Spellcasting   | |  0.4

Action                   |  1- 3 |  4- 6 |  7- 9 || total
-------------------------+-------+-------+-------++-------
Melee: War axe           |    87 |   137 |    53 ||   277
       Bite              |     8 |    33 |    17 ||    58
Invok: Berserk           |       |     1 |     1 ||     2
       Trog's Hand       |       |       |     1 ||     1
  Use: Scroll            |     6 |     6 |     4 ||    16
       Potion            |     1 |     2 |       ||     3
Armor: Scale mail        |    36 |    58 |    27 ||   121
Dodge: Dodged            |    41 |    70 |    37 ||   148
Block: Buckler           |    18 |    34 |    28 ||    80
